 Dungeon Sprint DCSS version 0.19.3-4-gbf9329e (webtiles) character file.

1878 Kagutsuchi the Carver (level 8, -1/114 HPs)
             Began as a Black Draconian Berserker on Jan 27, 2017.
             Was a High Priest of Trog.
             Shot with a bolt by a yaktaur (21 damage)
             ... in the Dungeon (Sprint II: "The Violet Keep of Menkaure").
             The game lasted 00:06:55 (641 turns).

Kagutsuchi the Carver (Black Draconian Berserker)    Turns: 641, Time: 00:06:56

Health: -1/114     AC:  6    Str: 23    XL:     8   Next: 91%
Magic:  0/2        EV: 17    Int:  8    God:    Trog [*****.]
Gold:   34         SH:  0    Dex: 12    Spells: 0 memorised, 7 levels left

rFire  . . .     SeeInvis .     b - +5 glaive (antimagic)
rCold  . . .     Gourm    .     (armour unavailable)
rNeg   . . .     Faith    .     (shield currently unavailable)
rPois  .         Spirit   +     (helmet restricted)
rElec  +         Reflect  .     (no cloak)
rCorr  .         Harm     .     (no gloves)
MR     .....     Rnd*Rage +     (no boots)
Stlth  .......... NoTele   +    i - amulet of guardian spirit
                                (no ring)
                                j - ring of stealth

@: berserking (expiring), very quick
A: breathe lightning, unfitting armour, berserk 1, deterioration 1, frail 1,
electricity resistance, weak 1, cold-blooded, subdued magic 1, AC +6
a: Breathe Lightning, Berserk, Trog's Hand, Brothers in Arms, Burn Spellbooks,
Renounce Religion


You were in the Dungeon.
You worshipped Trog.
Trog was extremely pleased with you.
You were not hungry.

You visited 1 branch You collected 729 gold pieces.
You spent 695 gold pieces at shops.

Inventory:

Hand Weapons
 a - a +0 falchion
 b - a +5 antimagic glaive (weapon)
Jewellery
 i - an amulet of guardian spirit (around neck)
 j - a ring of stealth (left hand)
Scrolls
 h - a scroll of blinking
Potions
 c - a potion of curing
 d - 3 potions of heal wounds
 e - a potion of haste
 f - 2 potions of magic
 g - a potion of berserk rage
 m - a potion of degeneration {unknown}
Comestibles
 k - a bread ration
 l - a meat ration


   Skills:
 + Level 12.4 Fighting
 + Level 12.7 Long Blades
 + Level 1.9 Polearms
 + Level 10.2 Dodging
 + Level 0.4 Stealth


You had 7 spell levels left.
You didn't know any spells.

Dungeon Overview and Level Annotations

Branches:
Dungeon (1/1)

Altars:
Cheibriados
Dithmenos
Elyvilon
Hepliaklqana
Kikubaaqudgha
Makhleb
Qazlal
Ru
Sif Muna
Trog
Uskayaw
Vehumet
Xom
Yredelemnul
Zin
The Shining One
Beogh
Jiyva
Lugonu

Shops:
D [=:[}:%?(}=[:!(!

Annotations:
D exclusion: oklob plant


Innate Abilities, Weirdness & Mutations

You can breathe wild blasts of lightning.
Your glossy black scales are hard. (AC +6)
You cannot fit into any form of body armour.
You are resistant to electric shocks. (rElec)
You are cold-blooded and may be slowed by cold attacks.
You tend to lose your temper in combat.
Your body sometimes deteriorates upon taking damage.
You are frail. (-10% HP)
You are weak. (Str -2)
Your spells are a little easier to cast, but a little less powerful.


Message History

You feel your dexterity returning.
Your Polearms skill increases to level 1!
Your Dodging skill increases to level 10!
The polar bear misses you.
The polar bear claws you but does no damage.
The polar bear completely misses you.
You slash the polar bear! You tail-slap the polar bear.
The polar bear is severely wounded.
The polar bear bites you!
* * * LOW HITPOINT WARNING * * *
Your body deteriorates!
You feel clumsy.
The polar bear claws you but does no damage.
The polar bear barely misses you.
Unknown command.
You slice the polar bear!!
You kill the polar bear!
Trog accepts your kill.
You feel your dexterity returning.
The yaktaur shoots a bolt.
The bolt hits you!!
You die...

#####≈≈#+++ ####≈≈≈... ..
..∩#≈≈≈≈.## ##.. .∩.#≈≈≈≈##.
.##.#### ∩.∩#≈≈≈≈#..#..# ...#
.∩.#≈≈####.).####..## .#
∩..#≈##.###'###.##..# .# #
...#≈#...##.##.#.#..# .# h#
...'≈'.##†.<.'##@†c.### .##c#
...#≈#...##.###..#....###^h.##▓▓
▓###≈##.###†###.##......≈≈≈≈≈≈≈≈
####≈≈####.#.####§≈.§...≈#+#####
##≈≈≈#..#..#≈≈≈≈≈§§§.≈#.._...
#'#≈###.###≈≈≈≈≈≈≈≈.≈#._._.. #
#.#≈≈##+##≈≈≈≈§§§§§≈≈#_._._.
####≈≈≈≈≈≈≈≈≈≈§≈§§≈§≈#._._._
#+++#+++#≈§§§§≈≈§≈#_._._.


You could see a yaktaur.

Vanquished Creatures
  A siren (D)
  2 polar bears (D)
  4 neqoxecs (D)
  Menkaure (D)
  4 necrophages (D)
  A crocodile (D)
  A scorpion (D)
  4 worker ants (D)
18 creatures vanquished.

Notes
Turn   | Place    | Note
-------+----------+-------------------------------------------
     0 | D        | Kagutsuchi the Draconian Berserker began the quest for the Orb.
     0 | D        | Reached XP level 1. HP: 19/19 MP: 1/1
     1 | D        | Noticed a neqoxec
     3 | D        | Noticed a neqoxec
     9 | D        | Killed a neqoxec
     9 | D        | Reached skill level 5 in Dodging
     9 | D        | Reached XP level 2. HP: 31/31 MP: 2/2
     9 | D        | Reached XP level 3. HP: 38/38 MP: 3/3
     9 | D        | Reached XP level 4. HP: 45/45 MP: 4/4
    18 | D        | Killed a neqoxec
    18 | D        | Reached ** piety under Trog
    18 | D        | Reached XP level 5. HP: 56/56 MP: 5/5
    20 | D        | Noticed a neqoxec
    20 | D        | Noticed a crocodile
    21 | D        | Noticed a neqoxec
    22 | D        | Gained mutation: Your body sometimes deteriorates upon taking damage. [a neqoxec]
    25 | D        | Gained mutation: You are weak. (Str -2) [a neqoxec]
    33 | D        | Killed a neqoxec
    33 | D        | Reached XP level 6. HP: 35/63 MP: 6/6
    36 | D        | Gained mutation: You tend to lose your temper in combat. [a neqoxec]
    39 | D        | Gained mutation: Your spells are a little easier to cast, but a little less powerful. [a neqoxec]
    43 | D        | Gained mutation: You are frail. (-10% HP) [a neqoxec]
    47 | D        | Killed a neqoxec
    47 | D        | Your scales start taking on a glossy black colour.
    47 | D        | Reached XP level 7. HP: 19/63 MP: 7/7
    47 | D        | Gained mutation: You are resistant to electric shocks. (rElec) [Black Draconian growth]
    54 | D        | Reached skill level 10 in Fighting
    54 | D        | Reached skill level 10 in Long Blades
   336 | D        | Noticed a siren
   345 | D        | Killed a siren
   345 | D        | Reached *** piety under Trog
   386 | D        | Reached XP level 8. HP: 73/73 MP: 8/8
   393 | D        | Reached **** piety under Trog
   464 | D        | Reached ***** piety under Trog
   499 | D        | Found Xioqiu Furi's Gadget Emporium.
   499 | D        | Found Ceycolaq's Antique Armour Emporium.
   499 | D        | Found Viym's Distillery.
   499 | D        | Found Zil Raa's Antique Weapon Shoppe.
   499 | D        | Found Ebrighot's Jewellery Shoppe.
   500 | D        | Found Bismanu's Magic Scroll Shoppe.
   500 | D        | Found Nilonas's Distillery.
   500 | D        | Found Gorikkown's Book Shoppe.
   500 | D        | Found Tikuk's Antique Weapon Shoppe.
   501 | D        | Found Tabigh's Food Shoppe.
   501 | D        | Found Ymaluim's Book Emporium.
   503 | D        | Found Tioketof's Gadget Emporium.
   503 | D        | Found Qatyant's Antique Armour Shoppe.
   503 | D        | Noticed Menkaure
   503 | D        | Noticed an oklob plant
   504 | D        | Found Sastrume's Jewellery Shoppe.
   504 | D        | Found Jixiwk Zusa's Book Shoppe.
   504 | D        | Found Voiruir's Antique Armour Emporium.
   506 | D        | Noticed an ice dragon
   524 | D        | Killed Menkaure
   524 | D        | Received a gift from Trog
   540 | D        | Bought an uncursed amulet of guardian spirit for 300 gold pieces
   557 | D        | Bought an uncursed ring of stealth for 175 gold pieces
   568 | D        | Bought a potion of heal wounds for 60 gold pieces
   568 | D        | Bought a potion of heal wounds for 60 gold pieces
   574 | D        | Bought a bread ration for 50 gold pieces
   574 | D        | Bought a meat ration for 50 gold pieces
   614 | D        | Found a stormy altar of Qazlal.
   614 | D        | Found a shimmering altar of Xom.
   615 | D        | Found a hazy altar of Hepliaklqana.
   615 | D        | Found a sacrificial altar of Ru.
   615 | D        | Found a basalt altar of Yredelemnul.
   616 | D        | Found a viscous altar of Jiyva.
   616 | D        | Found a roughly hewn altar of Beogh.
   616 | D        | Found a deep blue altar of Sif Muna.
   616 | D        | Found a glowing silver altar of Zin.
   617 | D        | Found a snail-covered altar of Cheibriados.
   617 | D        | Found an ancient bone altar of Kikubaaqudgha.
   617 | D        | Found a bloodstained altar of Trog.
   617 | D        | Found a glowing golden altar of the Shining One.
   618 | D        | Found a shadowy altar of Dithmenos.
   618 | D        | Found a corrupted altar of Lugonu.
   618 | D        | Found a hide-covered altar of Uskayaw.
   618 | D        | Noticed a polar bear
   619 | D        | Found a white marble altar of Elyvilon.
   619 | D        | Found a burning altar of Makhleb.
   619 | D        | Found a radiant altar of Vehumet.
   620 | D        | Noticed a polar bear
   620 | D        | Noticed a polar bear
   623 | D        | Noticed a yaktaur
   639 | D        | Killed a polar bear
   639 | D        | Reached skill level 1 in Polearms
   639 | D        | Reached skill level 10 in Dodging
   641 | D        | Killed a polar bear
   641 | D        | Shot with a bolt by a yaktaur

Skill      XL: |  1  2  3  4  5  6  7  8 |
---------------+-------------------------+-----
Fighting       | 6 8 9 11 12 | 12.4
Long Blades    | 6 8 9 11 12 | 12.7
Dodging        | 5 6 7 8 9 10 | 10.2
Polearms       | 1 |  1.9
Stealth        | |  0.4

Action                   |  1- 3 |  4- 6 |  7- 9 || total
-------------------------+-------+-------+-------++-------
Melee: Falchion          |     6 |    36 |    56 ||    98
       Tailslap          |     1 |     4 |     9 ||    14
       Glaive            |       |       |    11 ||    11
Invok: Berserk           |     1 |       |     3 ||     4
 Stab: Sleeping          |       |       |     1 ||     1
  Eat: Bread ration      |       |       |     1 ||     1
Armor: Skin              |     1 |     6 |    10 ||    17
Dodge: Dodged            |     2 |    14 |    45 ||    61
       Rpst.: Falchion   |       |     6 |     9 ||    15
